 Dungeon Crawl Stone Soup version 0.21-a0-203-gb066a6e (webtiles) character file.

50 Espgualade the Skirmisher (level 3, -2/23 HPs)
             Began as a Tengu Ice Elementalist on Aug 19, 2017.
             Slain by a gnoll
             ... wielding a +0 flail
              (7 damage)
             ... on level 2 of the Dungeon.
             The game lasted 00:02:34 (1789 turns).

Espgualade the Skirmisher (Tengu Ice Elementalist)  Turns: 1789, Time: 00:02:35

Health: -2/23      AC:  2    Str:  8    XL:     3   Next: 79%
Magic:  2/7        EV: 12    Int: 16    God:
Gold:   27         SH:  0    Dex: 14    Spells: 0/6 levels left

rFire    . . .     SeeInvis .   e - +0 dagger
rCold    . . .     Gourm    .   (no shield)
rNeg     . . .     Faith    .   a - +0 robe
rPois    .         Spirit   .   (helmet restricted)
rElec    .         Reflect  .   (no cloak)
rCorr    .         Harm     .   (no gloves)
MR       .....                  (boots unavailable)
Stlth    ++........             (no amulet)
HPRegen  0.07/turn              (no ring)
MPRegen  0.10/turn              (no ring)

@: no status effects
A: beak, talons 3
a: no special abilities


You were on level 2 of the Dungeon.
You were very hungry.

You visited 1 branch of the dungeon, and saw 2 of its levels.

You collected 27 gold pieces.

Inventory:

Hand Weapons
 e - a +0 dagger (weapon)
Armour
 a - a +0 robe (worn)
Jewellery
 h - an uncursed amulet of faith {unknown}
Scrolls
 d - a scroll of identify
 f - a scroll of fear {unknown}
Potions
 g - 2 potions of curing
 i - a potion of might {unknown}
Books
 b - a book of Frost

   Spells                             Type                      Level
   a - Freeze                         Ice                          1
   b - Throw Frost                    Conjuration/Ice              2
   c - Ozocubu's Armour               Charms/Ice                   3
   d - Throw Icicle                   Conjuration/Ice              4
   e - Summon Ice Beast               Ice/Summoning                4
Comestibles
 c - 2 bread rations
 j - 4 fruits


   Skills:
 + Level 3.2 Fighting
 - Level 2.1 Dodging
 - Level 2.0 Stealth
 - Level 2.0 Spellcasting
 - Level 1.3 Conjurations
 - Level 2.6 Ice Magic


You couldn't memorise any spells.
You knew the following spells:

 Your Spells              Type           Power        Failure   Level  Hunger
a - Freeze                Ice            ##..         7%          1    #......
b - Throw Frost           Conj/Ice       #.....       14%         2    ###....
c - Ozocubu's Armour      Chrm/Ice       #.......     34%         3    ###....


Dungeon Overview and Level Annotations

Branches:
Dungeon (2/15)

Altars:


Innate Abilities, Weirdness & Mutations

You have a beak for a mouth.
You have claws for feet.


Message History

The gnoll hits you with a flail!
Casting: Freeze
Confirm with . or Enter, or press ? or * to list all spells.
Aiming: Freeze
Press: ? - help, Shift-Dir - straight line, f/p - gnoll
Aim: a gnoll, wielding a flail (lightly wounded)
You freeze the gnoll.
The gnoll is moderately wounded.
The gnoll hits you with a flail!
* * * LOW HITPOINT WARNING * * *
You see here a dagger.
Casting: Freeze
Confirm with . or Enter, or press ? or * to list all spells.
Aiming: Freeze
Press: ? - help, Shift-Dir - straight line, f/p - gnoll
Aim: a gnoll, wielding a flail (moderately wounded)
You freeze the gnoll.
The gnoll is heavily wounded.
The gnoll hits you with a flail!
You die...

........# #..... .. ........#
#.... ..> ........# ...## ....
######..###.#..# #....
##.....##.###.....
##...............
#...####............ ##.###
#...# ..... #.)# #.#@# .... .
#.## ###.#g# ... ...###÷#
###...#.# ##.# ##.
.......###...###.###..# ..g.
........††.....#..#..####..##.
.....#####.###..........g.....
..... #.# ####..###........
..... #.# #...##........ .....
..# #...##........


You could see a gnoll.

Vanquished Creatures
  2 adders (D:2)
  A leopard gecko (D:1)
  5 bats
  2 giant cockroaches
  6 goblins
  3 hobgoblins
  A quokka (D:2)
  3 frilled lizards (D:1)
  4 kobolds (D:1)
  A rat (D:1)
28 creatures vanquished.

Notes
Turn   | Place    | Note
-------+----------+-------------------------------------------
     0 | D:1      | Espgualade the Tengu Ice Elementalist began the quest for the Orb.
     0 | D:1      | Reached XP level 1. HP: 10/10 MP: 4/4
    50 | D:1      | Reached skill level 1 in Fighting
   157 | D:1      | Reached XP level 2. HP: 6/16 MP: 3/6
   584 | D:1      | Reached skill level 2 in Fighting
  1166 | D:1      | Learned a level 2 spell: Throw Frost
  1186 | D:2      | Reached XP level 3. HP: 22/22 MP: 7/7
  1196 | D:2      | Learned a level 3 spell: Ozocubu's Armour
  1290 | D:2      | HP: 1/22 [poisoned by an adder]
  1596 | D:2      | Reached skill level 3 in Fighting
  1789 | D:2      | Slain by a gnoll

Vault maps used:
D:1:      dpeg_arrival_erosion, minmay_misc_feat_five, fountainhead,
          minmay_misc_feat_nine_boxes
D:2:      kennysheep_decorative_pillar, minmay_tetromino_t4

Skill      XL: |  1  2  3 |
---------------+----------+-----
Fighting       | 1 2 3 |  3.2
Dodging        | |  2.1
Stealth        | |  2.0
Spellcasting   | |  2.0
Conjurations   | |  1.3
Ice Magic      | |  2.6

Action                   || total
-------------------------++-------
Melee: Unarmed           ||     3
       Dagger            ||    53
       Kick              ||     8
       Peck              ||     8
 Cast: Freeze            ||    22
       Throw Frost       ||     1
  Use: Scroll            ||     1
 Stab: Sleeping          ||     3
  Eat: Chunk             ||     2
Armor: Robe              ||     5
Dodge: Dodged            ||    53
